A+ - U26
WINSTON-SALEM DASH @ OXFORD OWLS
06/27/2052
 
TOP OF THE 1ST
Hudson Valley Renegades batting - Pitching for Tampa Tarpons : RHP Ian Voorhees
Pitching: RHP Ian Voorhees
Batting: RHB Scott Peters 0-0: Ball
1-0: Swinging Strike
1-1: Foul Ball, location: 2F
1-2: Strikes out swinging
Batting: RHB Ricardo Reynaga 0-0: Ground out U3 (Groundball, 13, EV 84.4 MPH)
Batting: LHB Preston Dice 0-0: Ball
1-0: Called Strike
1-1: Fly out, F7 (Flyball, 7D, EV 102.5 MPH)
Top of the 1st over - 0 runs, 0 hits, 0 errors, 0 left on base; Hudson Valley 0 - Tampa 0
BOTTOM OF THE 1ST
Tampa Tarpons batting - Pitching for Hudson Valley Renegades : RHP Max Sieler
Pitching: RHP Max Sieler
Batting: RHB Jonathan Saunas 0-0: Ball
1-0: Ball
2-0: Ball
3-0: Called Strike
3-1: Foul Ball, location: 2F
3-2: Base on Balls
Batting: SHB Sloan Ginther 0-0: Ball
1-0: DOUBLE (Groundball, 3L, EV 104.4 MPH)
Jonathan Saunas to third
Runner from 3rd tries for Home, SAFE, throw by RF to trailing runner, SAFE at third!
Batting: LHB Ernest Jayo 0-0: Foul Ball, location: 2F
0-1: Swinging Strike
0-2: Ball
1-2: Fly out, F7 (Flyball, 7S, EV 83.8 MPH)
Batting: RHB Patrick Siler 0-0: Ball
1-0: Called Strike
1-1: Ground out 6-3 (Groundball, 6MD, EV 101.9 MPH)
Sloan Ginther scores
Batting: RHB Maddox D'Arcy 0-0: Ball
1-0: Ball
2-0: Foul Ball, location: 2F
2-1: Ball
3-1: Base on Balls
Batting: RHB Dean Scaife 0-0: Ball
Maddox D'Arcy steals 2nd base
1-0: Called Strike
1-1: SINGLE (Line Drive, 89S, EV 95.0 MPH)
Maddox D'Arcy to third
Runner from 3rd tries for Home, SAFE, throw by CF to home
Batting: RHB Steve Evans 0-0: Ball
1-0: Ball
2-0: Foul Ball, location: 2F
2-1: DOUBLE (Line Drive, 9LM, EV 104.4 MPH)
Dean Scaife to third
Runner from 3rd tries for Home, SAFE, throw by RF to trailing runner, OUT at third! 9-3-5
Bottom of the 1st over - 4 runs, 3 hits, 0 errors, 0 left on base; Hudson Valley 0 - Tampa 4
TOP OF THE 2ND
Hudson Valley Renegades batting - Pitching for Tampa Tarpons : RHP Ian Voorhees
Batting: RHB Amir Harris 0-0: Ball
1-0: Ball
2-0: Ball
3-0: Called Strike
3-1: Swinging Strike
3-2: Strikes out swinging
Batting: RHB B.J. Farrar 0-0: Foul Ball, location: 2F
0-1: Called Strike
0-2: Ball
1-2: Ball
2-2: Ball
3-2: Strikes out swinging
Batting: SHB Diego Pérez 0-0: SINGLE (Line Drive, 78M, EV 101.2 MPH)
Batting: SHB Franco Brummer 0-0: Ball
1-0: Ground out 1-3 (Groundball, 13S, EV 68.1 MPH)
Top of the 2nd over - 0 runs, 1 hit, 0 errors, 1 left on base; Hudson Valley 0 - Tampa 4
BOTTOM OF THE 2ND
Tampa Tarpons batting - Pitching for Hudson Valley Renegades : RHP Max Sieler
Batting: RHB Kamal Cobb 0-0: Hit by Pitch
Batting: RHB Cooper Jackson 0-0: Ball
1-0: Ball
Wild Pitch!
Kamal Cobb to second
2-0: Ball
3-0: Foul Ball, location: 2F
3-1: Base on Balls
Batting: RHB Jonathan Saunas 0-0: Ball
1-0: Grounds into double play, 6-4-3 (Groundball, 6, EV 81.2 MPH)
Kamal Cobb to third
Batting: SHB Sloan Ginther 0-0: Called Strike
0-1: Foul Ball, location: 2F
0-2: Foul Ball, location: 2F
0-2: Ball
1-2: Strikes out swinging
Bottom of the 2nd over - 0 runs, 0 hits, 0 errors, 1 left on base; Hudson Valley 0 - Tampa 4
TOP OF THE 3RD
Hudson Valley Renegades batting - Pitching for Tampa Tarpons : RHP Ian Voorhees
Batting: RHB Chase Schneider 0-0: Called Strike
0-1: Ball
1-1: Fly out, F9 (Line Drive, 9, EV 88.1 MPH)
Batting: RHB Levi Gilbert 0-0: Called Strike
0-1: Swinging Strike
0-2: Ball
1-2: Strikes out looking
Batting: RHB Scott Peters 0-0: Ball
1-0: Ball
2-0: Called Strike
2-1: SINGLE (Line Drive, 8LS, EV 90.0 MPH)
Batting: RHB Ricardo Reynaga 0-0: Foul Ball, location: 2F
0-1: Ball
1-1: Ball
2-1: Ball
3-1: Ground out 4-3 (Groundball, 4, EV 89.4 MPH)
Top of the 3rd over - 0 runs, 1 hit, 0 errors, 1 left on base; Hudson Valley 0 - Tampa 4
BOTTOM OF THE 3RD
Tampa Tarpons batting - Pitching for Hudson Valley Renegades : RHP Max Sieler
Batting: LHB Ernest Jayo 0-0: Called Strike
0-1: Swinging Strike
0-2: Ball
1-2: Foul Ball, location: 2F
1-2: Foul Ball, location: 2F
1-2: DOUBLE (Flyball, 78D, EV 105.0 MPH)
Batting: RHB Patrick Siler 0-0: Ground out 6-3 (Groundball, 6, EV 78.8 MPH)
Batting: RHB Maddox D'Arcy 0-0: Called Strike
0-1: Called Strike
0-2: Strikes out swinging
Batting: RHB Dean Scaife 0-0: Ball
1-0: Ground out 1-3 (Groundball, 15S, EV 71.2 MPH)
Bottom of the 3rd over - 0 runs, 1 hit, 0 errors, 1 left on base; Hudson Valley 0 - Tampa 4
TOP OF THE 4TH
Hudson Valley Renegades batting - Pitching for Tampa Tarpons : RHP Ian Voorhees
Batting: LHB Preston Dice 0-0: Ground out 4-3 (Groundball, 4, EV 79.4 MPH)
Batting: RHB Amir Harris 0-0: SINGLE (Line Drive, 3D, EV 95.0 MPH)
Batting: RHB B.J. Farrar 0-0: Ball
1-0: Ball
2-0: Ball
3-0: Called Strike
3-1: Fly out, F9 (Flyball, 9D, EV 100.0 MPH)
Batting: SHB Diego Pérez 0-0: Called Strike
0-1: Ball
1-1: Foul Ball, location: 2F
1-2: Strikes out swinging
Top of the 4th over - 0 runs, 1 hit, 0 errors, 1 left on base; Hudson Valley 0 - Tampa 4
BOTTOM OF THE 4TH
Tampa Tarpons batting - Pitching for Hudson Valley Renegades : RHP Max Sieler
Batting: RHB Steve Evans 0-0: Ball
1-0: DOUBLE (Flyball, 9LD, EV 93.1 MPH)
Batting: RHB Kamal Cobb 0-0: Ball
1-0: Ball
2-0: Ball
3-0: Base on Balls
Batting: RHB Cooper Jackson 0-0: Foul Ball, location: 2F
0-1: Ball
1-1: Ball
2-1: Fielders Choice at 2nd, 6-4 (Groundball, 56, EV 107.5 MPH)
Steve Evans to third
Batting: RHB Jonathan Saunas 0-0: Ball
1-0: Called Strike
1-1: DOUBLE (Line Drive, 78D, EV 99.4 MPH)
Steve Evans scores
Cooper Jackson to third
Runner from 3rd tries for Home, SAFE, throw by CF to home
Pitching: RHP Michael Galan
Batting: SHB Sloan Ginther 0-0: Fly out, F8 (Line Drive, 8LM, EV 96.9 MPH)
Batting: LHB Ernest Jayo 0-0: Foul Ball, location: 2F
0-1: Ball
1-1: Ball
2-1: Foul Ball, location: 2F
2-2: Ball
3-2: Foul Ball, location: 2F
3-2: Fly out, F7 (Line Drive, 7, EV 95.0 MPH)
Bottom of the 4th over - 2 runs, 2 hits, 0 errors, 1 left on base; Hudson Valley 0 - Tampa 6
TOP OF THE 5TH
Hudson Valley Renegades batting - Pitching for Tampa Tarpons : RHP Ian Voorhees
Batting: SHB Franco Brummer 0-0: Swinging Strike
0-1: Ball
1-1: Called Strike
1-2: Strikes out looking
Batting: RHB Chase Schneider 0-0: Ball
1-0: Swinging Strike
1-1: Ground out 5-3 (Groundball, 5, EV 79.4 MPH)
Batting: RHB Levi Gilbert 0-0: Called Strike
0-1: Swinging Strike
0-2: Strikes out swinging
Top of the 5th over - 0 runs, 0 hits, 0 errors, 0 left on base; Hudson Valley 0 - Tampa 6
BOTTOM OF THE 5TH
Tampa Tarpons batting - Pitching for Hudson Valley Renegades : RHP Michael Galan
Batting: RHB Patrick Siler 0-0: Foul Ball, location: 2F
0-1: Ball
1-1: Ball
2-1: Foul Ball, location: 2F
2-2: Ground out 5-3 (Groundball, 56, EV 80.0 MPH)
Batting: RHB Maddox D'Arcy 0-0: Foul Ball, location: 2F
0-1: Ball
1-1: Foul Ball, location: 2F
1-2: Ball
2-2: Ball
3-2: Foul Ball, location: 2F
3-2: Foul Ball, location: 2F
3-2: Foul Ball, location: 2F
3-2: Base on Balls
Batting: RHB Dean Scaife 0-0: Foul Ball, location: 2F
0-1: Swinging Strike
0-2: Strikes out swinging
Batting: RHB Steve Evans 0-0: Called Strike
0-1: Foul Ball, location: 2F
0-2: Ball
1-2: SINGLE (Groundball, 56D, EV 96.2 MPH)
Maddox D'Arcy to second
Batting: RHB Kamal Cobb 0-0: Ball
1-0: Swinging Strike
1-1: Fly out, F8 (Flyball, 8RM, EV 83.1 MPH)
Bottom of the 5th over - 0 runs, 1 hit, 0 errors, 2 left on base; Hudson Valley 0 - Tampa 6
TOP OF THE 6TH
Hudson Valley Renegades batting - Pitching for Tampa Tarpons : RHP Ian Voorhees
Batting: RHB Scott Peters 0-0: Ball
1-0: Ground out 1-3 (Groundball, 13S, EV 68.1 MPH)
Batting: RHB Ricardo Reynaga 0-0: Called Strike
0-1: Foul Ball, location: 2F
0-2: Ball
1-2: Ground out 5-3 (Groundball, 56S, EV 82.5 MPH)
Batting: LHB Preston Dice 0-0: DOUBLE (Line Drive, 8RD, EV 100.0 MPH)
Batting: RHB Amir Harris 0-0: Ball
1-0: Fly out, F2 (Popup, 23F, EV 85.0 MPH)
Top of the 6th over - 0 runs, 1 hit, 0 errors, 1 left on base; Hudson Valley 0 - Tampa 6
BOTTOM OF THE 6TH
Tampa Tarpons batting - Pitching for Hudson Valley Renegades : RHP Michael Galan
Batting: RHB Cooper Jackson 0-0: Called Strike
0-1: Ball
1-1: Ball
2-1: DOUBLE (Groundball, 5L, EV 98.8 MPH)
Batting: RHB Jonathan Saunas 0-0: Ground out 6-3 (Groundball, 56, EV 106.9 MPH)
Batting: SHB Sloan Ginther 0-0: Called Strike
0-1: Foul Ball, location: 2F
0-2: Foul Ball, location: 2F
0-2: Ball
1-2: Foul Ball, location: 2F
1-2: Foul Ball, location: 2F
1-2: Strikes out looking
Batting: LHB Ernest Jayo 0-0: Called Strike
0-1: Ball
1-1: Swinging Strike
1-2: Foul Ball, location: 2F
1-2: Ball
2-2: Foul Ball, location: 2F
2-2: Ball
3-2: SINGLE (Line Drive, 9S, EV 113.8 MPH)
Cooper Jackson to third
Runner from 3rd tries for Home, SAFE, throw by RF to home
Batting: RHB Patrick Siler 0-0: Fly out, F7 (Flyball, 78M, EV 86.2 MPH)
Bottom of the 6th over - 1 run, 2 hits, 0 errors, 1 left on base; Hudson Valley 0 - Tampa 7
TOP OF THE 7TH
Hudson Valley Renegades batting - Pitching for Tampa Tarpons : RHP Ian Voorhees
Batting: RHB B.J. Farrar 0-0: Ball
1-0: Foul Ball, location: 2F
1-1: Called Strike
1-2: Strikes out swinging
Batting: SHB Diego Pérez 0-0: Foul Ball, location: 2F
0-1: Ground out 3-1 (Groundball, 34, EV 87.5 MPH)
Batting: SHB Franco Brummer 0-0: Called Strike
0-1: SINGLE (Groundball, 6S, EV 70.0 MPH) (infield hit)
Batting: RHB Chase Schneider 0-0: Ball
Franco Brummer steals 2nd base (no throw)
1-0: Called Strike
1-1: Ball
Wild Pitch!
Franco Brummer to third
2-1: Ground out 4-3 (Groundball, 34, EV 101.2 MPH)
Top of the 7th over - 0 runs, 1 hit, 0 errors, 1 left on base; Hudson Valley 0 - Tampa 7
BOTTOM OF THE 7TH
Tampa Tarpons batting - Pitching for Hudson Valley Renegades : RHP Michael Galan
Pitching: LHP Curt Arthur
Batting: RHB Maddox D'Arcy 0-0: Ball
1-0: Foul Ball, location: 2F
1-1: Ground out 6-3 (Groundball, 6M, EV 88.1 MPH)
Batting: RHB Dean Scaife 0-0: Ground out 4-3 (Groundball, P, EV 85.6 MPH)
Batting: RHB Steve Evans 0-0: Called Strike
0-1: Ground out 6-3 (Groundball, 56, EV 105.6 MPH)
Bottom of the 7th over - 0 runs, 0 hits, 0 errors, 0 left on base; Hudson Valley 0 - Tampa 7
TOP OF THE 8TH
Hudson Valley Renegades batting - Pitching for Tampa Tarpons : RHP Ian Voorhees
Batting: RHB Levi Gilbert 0-0: Called Strike
0-1: Ball
1-1: Ball
2-1: Foul Ball, location: 2F
2-2: Foul Ball, location: 2F
2-2: Foul Ball, location: 2F
2-2: Ball
3-2: Fly out, F8 (Flyball, 8LM, EV 88.8 MPH)
Batting: RHB Scott Peters 0-0: Foul Ball, location: 2F
0-1: Ball
1-1: SINGLE (Line Drive, 78S, EV 90.6 MPH)
Pinch Hitting: RHB Mike Hines 0-0: Foul Ball, location: 2F
0-1: Ball
1-1: Called Strike
1-2: Foul Ball, location: 2F
1-2: Hit by Pitch
Scott Peters to second
Batting: LHB Preston Dice 0-0: SINGLE (Line Drive, 8RS, EV 108.1 MPH)
Scott Peters to third
Mike Hines to second
Batting: RHB Amir Harris 0-0: Called Strike
0-1: Swinging Strike
0-2: Ball
1-2: Strikes out swinging
Batting: RHB B.J. Farrar 0-0: SINGLE (Groundball, 34D, EV 103.8 MPH)
Scott Peters scores
Mike Hines to third
Preston Dice to second
Runner from 3rd tries for Home, throw by RF and OUT! 9-2
Top of the 8th over - 1 run, 3 hits, 0 errors, 2 left on base; Hudson Valley 1 - Tampa 7
BOTTOM OF THE 8TH
Tampa Tarpons batting - Pitching for Hudson Valley Renegades : LHP Curt Arthur
Now at 1B: Mike Hines
Batting: RHB Kamal Cobb 0-0: Ball
1-0: Ball
2-0: Called Strike
2-1: Foul Ball, location: 2F
2-2: Ball
3-2: SINGLE (Groundball, 3D, EV 108.8 MPH)
Batting: RHB Cooper Jackson 0-0: Ball
1-0: Ball
2-0: Called Strike
2-1: Called Strike
2-2: Strikes out swinging
Batting: RHB Jonathan Saunas 0-0: Foul Ball, location: 2F
0-1: Ball
1-1: Foul Ball, location: 2F
1-2: Ball
Kamal Cobb is caught stealing 2nd base 2-4
2-2: Ball
3-2: Strikes out swinging
Bottom of the 8th over - 0 runs, 1 hit, 0 errors, 0 left on base; Hudson Valley 1 - Tampa 7
TOP OF THE 9TH
Hudson Valley Renegades batting - Pitching for Tampa Tarpons : RHP Ian Voorhees
Batting: SHB Diego Pérez 0-0: Ball
1-0: Ball
2-0: Called Strike
2-1: Ball
3-1: Base on Balls
Pitching: LHP Juan Leos
Batting: SHB Franco Brummer 0-0: Ball
1-0: Foul Ball, location: 2F
1-1: Foul Ball, location: 2F
1-2: Fly out, F8 (Line Drive, 8RM, EV 104.4 MPH)
Batting: RHB Chase Schneider 0-0: Ball
1-0: Ball
2-0: Foul Ball, location: 2F
2-1: DOUBLE (Line Drive, 89D, EV 105.0 MPH)
Diego Pérez to third
Batting: RHB Levi Gilbert 0-0: Ball
1-0: Foul Ball, location: 2F
1-1: Foul Ball, location: 2F
1-2: Ball
2-2: Ball
3-2: Foul Ball, location: 2F
3-2: Fly out, F9 (Flyball, 9LM, EV 86.2 MPH)
Batting: RHB Scott Peters 0-0: Ball
1-0: Foul Ball, location: 2F
1-1: Ground out U3 (Groundball, 34S, EV 81.2 MPH)
Top of the 9th over - 0 runs, 1 hit, 0 errors, 2 left on base; Hudson Valley 1 - Tampa 7
Friday, April 26th , 2024 - OOTP Baseball 24.11 Build 85